 Dungeon Crawl Stone Soup version 0.21.1-1-g345015f (webtiles) character file.

32488 theElss the Bludgeoner (level 13, 0/76 HPs)
             Began as a Gargoyle Berserker on Mar 13, 2018.
             Was the Champion of Trog.
             Slain by Snorg (6 damage)
             ... on level 3 of the Lair of Beasts.
             The game lasted 01:00:41 (17423 turns).

theElss the Bludgeoner (Gargoyle Berserker)        Turns: 17423, Time: 01:00:42

Health: 0/76       AC: 26    Str: 23    XL:     13   Next: 64%
Magic:  4/4        EV:  8    Int: 10    God:    Trog [******]
Gold:   983        SH: 14    Dex: 14    Spells: 12/12 levels left

rFire    + . .     SeeInvis .   O - +3 demon whip "Ciattoni" {antimagic, rElec rF+ Int-2 Dex+3}
rCold    . . .     Gourm    .   x - +0 shield
rNeg     + . .     Faith    +   w - +0 plate armour
rPois    ∞         Spirit   .   V - +0 helmet
rElec    +         Reflect  .   A - +0 cloak
rCorr    .         Harm     .   h - +0 pair of gloves
MR       .....                  (no boots)
Stlth    ..........             J - amulet of faith
HPRegen  0.22/turn              l - ring of flight
MPRegen  0.09/turn              H - +3 ring of intelligence

@: berserk cooldown, slowed, very slow
A: negative energy resistance 1, electricity resistance, unbreathing,
petrification resistance, rot immunity, AC +9
a: Berserk, Trog's Hand, Brothers in Arms, Burn Spellbooks, Renounce Religion,
Evoke Flight


You were on level 3 of the Lair of Beasts.
You worshipped Trog.
Trog was exalted by your worship.
You were very hungry.

You visited 2 branches of the dungeon, and saw 15 of its levels.
You also visited: Ossuary and Bailey.

You collected 983 gold pieces.

Inventory:

Hand Weapons
 O - the +3 demon whip "Ciattoni" (weapon) {antimagic, rElec rF+ Int-2 Dex+3}
   (Trog gifted it to you on level 9 of the Dungeon)

   It reduces the magical energy of the wielder, and disrupts the spells and
   magical abilities of those hit.
   Natural abilities and divine invocations are not affected.
   It affects your intelligence (-2).
   It affects your dexterity (+3).
   It protects you from fire.
   It insulates you from electricity.
Missiles
 t - 138 bolts
Armour
 h - a +0 pair of gloves (worn)
 w - a +0 plate armour (worn)
 x - a +0 shield (worn)
 A - a +0 cloak (worn)
 V - a +0 helmet (worn)
Jewellery
 i - a cursed amulet of inaccuracy {unknown}
 l - a ring of flight (left hand)
 H - a +3 ring of intelligence (right hand)
 J - an amulet of faith (around neck)
 Q - an uncursed ring of ice
 R - an uncursed amulet of the gourmand {unknown}
 U - an uncursed amulet of guardian spirit {unknown}
Wands
 a - a wand of iceblast (8)
 b - a wand of polymorph (17)
 o - a wand of disintegration (20)
 B - a wand of random effects (20)
 E - a wand of clouds (5)
 G - a wand of digging (22)
 N - a wand of flame (19)
Scrolls
 d - 4 scrolls of blinking
 j - 10 scrolls of teleportation
 k - 3 scrolls of immolation
 n - 11 scrolls of remove curse
 s - 4 scrolls of fog
 z - 2 scrolls of enchant weapon
 D - a scroll of enchant armour
 I - 2 scrolls of fear
 L - 3 scrolls of identify
 M - 3 scrolls of magic mapping
 P - a scroll of random uselessness {unknown}
 T - a scroll of holy word
Potions
 e - 2 potions of agility
 f - 2 potions of heal wounds
 m - a potion of haste {unknown}
 p - a potion of experience {unknown}
 q - 3 potions of might
 r - 6 potions of curing
 u - 3 potions of berserk rage
 v - 3 potions of ambrosia
 C - 4 potions of flight
 F - a potion of magic {unknown}
 K - 2 potions of resistance
 S - a potion of cancellation {unknown}
Comestibles
 c - 30 rations
 g - 5 chunks of flesh


   Skills:
 - Level 7.3 Fighting
 + Level 15.1 Maces & Flails
 - Level 6.0 Armour
 - Level 3.7 Dodging
 - Level 1.4 Stealth
 - Level 15.0 Shields


You had 12 spell levels left.
You didn't know any spells.

Dungeon Overview and Level Annotations

Branches:
Dungeon (12/15)            Temple (0/1) D:5            Lair (3/6) D:10
  Swamp (0/4) Lair:3       Spider (0/4) Lair:2          Orc (0/2) D:11

Altars:
Ashenzari
Cheibriados
Dithmenos
Elyvilon
Fedhas
Gozag
Hepliaklqana
Sif Muna
Trog
Yredelemnul
Zin
The Shining One
Beogh

Annotations:
Lair:3 Snorg


Innate Abilities, Weirdness & Mutations

You are resistant to torment.
Your stone body is resilient. (AC +9)
You are immune to poison.
You resist negative energy. (rN+)
You are resistant to electric shocks. (rElec)
You can survive without breathing.
You are immune to petrification.
You are immune to rotting.


Message History

* * * LOW HITPOINT WARNING * * *
You block Snorg's attack.
The hippogriff bites you but does no damage.
The hippogriff pecks you but does no damage.
The hippogriff closely misses you.
You feel a strong urge to attack something.
The electric eel shoots out a bolt of lightning at you!
The bolt of electricity hits you! You resist.
* * * LOW HITPOINT WARNING * * *
Unknown command.
You feel your anger nearly subside.
You are no longer berserk.
You are exhausted.
You feel yourself slow down.
Your troll goes berserk!
You feel somewhat more hungry. Snorg bites you.
* * * LOW HITPOINT WARNING * * *
Snorg claws you.
* * * LOW HITPOINT WARNING * * *
Snorg claws you.
You die...

.......
.......................
#......
.......................
.##....
......................
..###.#
##..<...###.........%#
...## # #
#.......###..###.....
....#
.P#P......P###..#.....
##...#
P..........#...........
.#...#
..##......H.†..#.#.....#
.......
.......@T..P#..###......
8.....8#
..##......###### #.....#
........ #.....T#####
#...... ##...###
#.......##.####......
....#
####....................
#....#
........................
....#
........................
..# .
.......................
..# #.
#.................##


You could see Snorg (berserk), a hippogriff and a friendly troll (berserk).

Vanquished Creatures
  Josephine (D:11)
  Harold (D:10)
  Fannar (D:10)
  A hydra (Lair:3)
  2 two-headed ogres
  Nergalle (Lair:1)
  A tengu warrior (D:12)
  Sonja (D:10)
  An unseen horror (D:11)
  An orc knight (Bailey)
  Pikel (D:5)
  A wizard (D:12)
  A deep elf mage (D:12)
  2 ugly things (D:12)
  2 manticores
  A cyclops (D:11)
  Joseph (D:9)
  A gargoyle (D:11)
  2 spiny frogs (Lair:2)
  A rime drake (Lair:2)
  3 trolls
  A hornet (D:8)
  3 slime creatures (D:12)
  4 blink frogs (Lair:2)
  4 hippogriffs
  A shadow (D:11)
  Sigmund (D:5)
  The ghost of inc the Scratcher, an amateur FeTm of Ru (D:6)
  A vampire (D:12)
  6 wraiths (D:11)
  32 yaks
  A basilisk (Lair:1)
  4 porcupines
  6 water moccasins
  8 orc warriors
  3 ice beasts
  A sky beast (D:9)
  4 black bears
  3 phantoms
  An eye of draining (D:10)
  11 ogres
  9 centaurs
  11 wolves
  6 crocodiles
  2 big kobolds
  15 bullfrogs
  A gnoll sergeant (D:11)
  A wyvern skeleton (D:12)
  5 scorpions
  2 water moccasin zombies
  6 killer bees (D:11)
  7 wights
  15 howler monkeys
  3 crimson imps
  4 centaur zombies
  A bullfrog zombie (D:9)
  A bullfrog skeleton (D:11)
  9 hounds
  A jelly (D:12)
  3 centaur skeletons
  14 orc priests
  15 orc wizards
  5 iguanas
  12 worker ants
  4 big kobold zombies (Ossuary)
  A hound skeleton (D:11)
  2 mummies (Ossuary)
  A howler monkey zombie (D:3)
  A worker ant zombie (D:10)
  11 gnolls
  2 howler monkey skeletons
  11 adders
  3 shadow imps
  2 adder zombies
  An adder skeleton (D:5)
  6 worms
  2 dart slugs
  5 leopard geckos
  64 orcs
  4 bats
  6 giant cockroaches
  5 gnoll zombies (Ossuary)
  18 goblins
  4 hobgoblins
  12 jackals
  4 quokkas
  3 ball pythons
  9 frilled lizards
  5 hobgoblin zombies (Ossuary)
  28 kobolds
  3 kobold zombies (Ossuary)
  A leopard gecko skeleton (D:5)
  6 orc zombies (Ossuary)
  A quokka zombie (D:6)
  19 rats
  A plant (D:10)
516 creatures vanquished.

Vanquished Creatures (collateral kills)
  An orc knight (Bailey)
  A gnoll (Bailey)
  A goblin (Bailey)
  3 kobolds (Bailey)
6 creatures vanquished.

Vanquished Creatures (others)
  A kobold (Bailey)
  6 fungi
  A plant (D:10)
8 creatures vanquished.

Grand Total: 530 creatures vanquished

Notes
Turn   | Place    | Note
-------+----------+-------------------------------------------
     0 | D:1      | theElss the Gargoyle Berserker began the quest for the Orb.
     0 | D:1      | Reached XP level 1. HP: 14/14 MP: 1/1
   109 | D:1      | Reached XP level 2. HP: 19/19 MP: 2/2
   497 | D:1      | Reached ** piety under Trog
   519 | D:1      | Reached XP level 3. HP: 23/24 MP: 3/3
   917 | D:2      | Found an opulent altar of Gozag.
  1188 | D:3      | Reached XP level 4. HP: 13/29 MP: 4/4
  2080 | D:3      | Reached XP level 5. HP: 31/33 MP: 5/5
  2331 | D:2      | Reached skill level 5 in Maces & Flails
  2358 | D:2      | Found a snail-covered altar of Cheibriados.
  2413 | D:2      | Reached *** piety under Trog
  2924 | D:4      | Reached XP level 6. HP: 29/38 MP: 6/6
  3524 | D:4      | Reached XP level 7. HP: 30/44 MP: 7/7
  3765 | D:4      | Reached skill level 1 in Shields
  3850 | D:4      | Noticed a moth of wrath
  3853 | D:4      | Found a bloodstained altar of Trog.
  4308 | D:4      | Found a hazy altar of Hepliaklqana.
  4355 | D:5      | Entered Level 5 of the Dungeon
  4361 | D:5      | Noticed Sigmund
  4591 | D:5      | Killed Sigmund
  4591 | D:5      | Reached skill level 5 in Fighting
  4591 | D:5      | Reached XP level 8. HP: 49/49 MP: 8/8
  4607 | D:5      | Found a staircase to the Ecumenical Temple.
  4750 | D:5      | Reached **** piety under Trog
  4840 | D:5      | Identified the Collected Works on Snow and the Traveller
  5154 | D:5      | Reached skill level 1 in Stealth
  5188 | D:5      | Found a glowing silver altar of Zin.
  5188 | D:5      | Found a white marble altar of Elyvilon.
  5188 | D:5      | Found a glowing golden altar of the Shining One.
  5327 | D:5      | Found a deep blue altar of Sif Muna.
  5446 | D:5      | Noticed Pikel
  5468 | D:5      | Killed Pikel
  5468 | D:5      | Reached XP level 9. HP: 29/55 MP: 9/9
  5764 | D:6      | Found a basalt altar of Yredelemnul.
  5764 | D:6      | Found a shattered altar of Ashenzari.
  5776 | D:6      | Found a sand-covered staircase.
  5828 | Ossuary  | Entered an ossuary
  6444 | D:6      | Reached skill level 5 in Armour
  6521 | D:6      | Reached skill level 5 in Shields
  6674 | D:6      | Noticed inc's ghost (amateur FeTm)
  6708 | D:6      | Killed inc's ghost
  7007 | D:7      | Reached ***** piety under Trog
  8046 | D:8      | Reached XP level 10. HP: 45/63 MP: 10/10
  8600 | D:7      | Received a gift from Trog
  8842 | D:8      | Found a blossoming altar of Fedhas.
  8910 | D:8      | Found a shadowy altar of Dithmenos.
  9197 | D:8      | Noticed a two-headed ogre
  9217 | D:8      | Killed a two-headed ogre
  9788 | D:9      | Reached skill level 10 in Shields
 10034 | D:9      | Found a flagged portal.
 10042 | Bailey   | Entered a bailey
 10060 | Bailey   | Noticed an orc knight
 10085 | Bailey   | Noticed an orc knight
 10134 | Bailey   | Killed an orc knight
 10134 | Bailey   | Reached XP level 11. HP: 67/67 MP: 11/11
 10274 | Bailey   | Killed an orc knight
 10837 | D:9      | Noticed Joseph
 10853 | D:9      | Killed Joseph
 10901 | D:9      | Noticed a six-headed hydra
 11010 | D:9      | Received a gift from Trog
 11015 | D:9      | Got a scorched demon whip {god gift}
 11016 | D:9      | Identified the +3 demon whip "Ciattoni" {antimagic, rElec rF+ Int-2 Dex+3} (Trog gifted it to you on level 9 of the Dungeon)
 11621 | D:10     | Entered Level 10 of the Dungeon
 11701 | D:10     | Found a staircase to the Lair.
 11922 | D:10     | Noticed Fannar
 11994 | D:10     | Killed Fannar
 12210 | D:10     | Noticed Harold
 12235 | D:10     | Killed Harold
 12235 | D:10     | Reached XP level 12. HP: 72/72 MP: 4/12
 12701 | D:10     | Noticed Sonja
 12771 | D:10     | Killed Sonja
 12771 | D:10     | Reached skill level 15 in Shields
 12944 | D:11     | Reached skill level 10 in Maces & Flails
 12985 | D:11     | Reached ****** piety under Trog
 13303 | D:11     | Noticed Josephine
 13319 | D:11     | Killed Josephine
 13540 | D:11     | Received a gift from Trog
 13730 | D:11     | Found a staircase to the Orcish Mines.
 13790 | D:11     | Found a roughly hewn altar of Beogh.
 14428 | D:12     | Received a gift from Trog
 14518 | D:12     | Noticed a tengu warrior
 14529 | D:12     | Killed a tengu warrior
 14529 | D:12     | Reached XP level 13. HP: 76/76 MP: 4/13
 15639 | Lair:1   | Entered Level 1 of the Lair of Beasts
 15926 | Lair:1   | Noticed Nergalle
 15951 | Lair:1   | Killed Nergalle
 16206 | Lair:1   | Got a transparent buckler
 16336 | Lair:1   | Identified the +0 buckler "Kubo" {Str+5} (You found it on level 1 of the Lair of Beasts)
 16896 | Lair:2   | Received a gift from Trog
 16933 | Lair:2   | Found a hole to the Spider Nest.
 17194 | Lair:3   | Reached skill level 15 in Maces & Flails
 17214 | Lair:3   | Found a staircase to the Swamp.
 17392 | Lair:3   | Noticed Snorg
 17423 | Lair:3   | Slain by Snorg

Skill      XL: |  1  2  3  4  5  6  7  8  9 10 11 12 13 |
---------------+----------------------------------------+-----
Maces & Flails | 4 5 6 7 8 9 13 15 | 15.1
Dodging        | 2 3 |  3.7
Armour         | 3 4 5 6 |  6.0
Fighting       | 4 5 7 |  7.3
Shields        | 2 4 6 11 14 15 | 15.0
Stealth        | 1 |  1.4

Action                   |  1- 3 |  4- 6 |  7- 9 | 10-12 | 13-15 || total
-------------------------+-------+-------+-------+-------+-------++-------
Melee: Mace              |   113 |   232 |   183 |       |       ||   528
       Whip              |       |       |   468 |   611 |       ||  1079
       Unarmed           |       |       |     1 |       |       ||     1
       Demon whip        |       |       |       |   849 |   440 ||  1289
Invok: Berserk           |     4 |     3 |     9 |    10 |     2 ||    28
       Brothers in Arms  |       |       |       |     1 |     1 ||     2
 Abil: Evoke Flight      |       |       |       |     1 |       ||     1
  Use: Scroll            |       |       |    12 |     5 |     5 ||    22
       Potion            |       |       |       |     2 |       ||     2
  Eat: Chunk             |     4 |    12 |    22 |    29 |    11 ||    78
       Ration            |       |       |       |     1 |       ||     1
Armor: Animal skin       |     6 |       |       |       |       ||     6
       Leather armour    |    42 |    98 |    89 |       |       ||   229
       Plate armour      |       |       |   134 |   487 |   123 ||   744
Dodge: Dodged            |    79 |   127 |   165 |   230 |    70 ||   671
Block: Shield            |       |    33 |   254 |   700 |   214 ||  1201
